 Dungeon Crawl Stone Soup version 0.29-a0-542-g075992c915 (webtiles) character file.

Game seed: 12267379578189098858

8 sammy202020 the Skirmisher (level 2, 24/24 HPs)
             Began as a Demonspawn Berserker on June 4, 2022.
             Was a Follower of Trog.
             Quit the game on level 1 of the Dungeon.
             The game lasted 00:01:00 (488 turns).

sammy202020 the Skirmisher (Demonspawn Berserker)    Turns: 488, Time: 00:01:01

Health: 24/24      AC:  2    Str: 17    XL:     2   Next: 0%
Magic:  2/2        EV: 12    Int:  8    God:    Trog [*.....]
Gold:   10         SH:  0    Dex: 12    Spells: 1/1 levels left

rFire   . . .      SeeInvis .   a - +0 hand axe
rCold   . . .      Faith    .   (no shield)
rNeg    . . .      Spirit   .   b - +0 animal skin
rPois   .          Reflect  .   (no helmet)
rElec   .          Harm     .   (no cloak)
rCorr   .          Rampage  .   (no gloves)
Will    .....                   (no boots)
Stlth   +.........              (no amulet)
HPRegen 0.08/turn               (no ring)
MPRegen 0.08/turn               (no ring)

@: no status effects
A: claws 1
a: Renounce Religion, Berserk


You were on level 1 of the Dungeon.
You worshipped Trog.
Trog was aware of your devotion.
You visited 1 branch of the dungeon, and saw 1 of its levels.

You collected 10 gold pieces.

Inventory:

Hand Weapons
 a - a +0 hand axe (weapon)
Armour
 b - a +0 animal skin (worn)
Scrolls
 d - a scroll of teleportation {unknown}
Potions
 c - a potion of curing {unknown}


   Skills:
 * Level 3.2 Fighting
 * Level 2.9 Axes
 + Level 1.9 Armour
 + Level 1.9 Dodging


You had one spell level left.
You didn't know any spells.
Your spell library was empty.

Dungeon Overview and Level Annotations

Branches:
Dungeon (1/15)

Altars:


Innate Abilities, Weirdness & Mutations

You have sharp fingernails.


Message History

The bat is severely wounded.
The bat completely misses you. The bat closely misses you.
You completely miss the bat. The bat closely misses you. x2
You closely miss the bat.
The bat is severely wounded.
The bat hits you but does no damage. x2
You closely miss the bat. The bat misses you. The bat barely misses you.
You closely miss the bat.
The bat is severely wounded.
You barely miss the bat. The bat hits you. The bat closely misses you.
The bat hits you but does no damage. The bat barely misses you. x2
The bat hits you but does no damage.
You hit the bat.
You kill the bat!
Trog accepts your kill.
You miss the bat. The bat hits you. The bat hits you but does no damage.
You hit the bat but do no damage. The bat hits you but does no damage.
The bat closely misses you. The bat hits you.
The bat hits you but does no damage.
A bat is nearby!
A bat is nearby!
A bat is nearby!
The bat hits you but does no damage.
You closely miss the bat. The bat hits you but does no damage.
The bat closely misses you. The bat closely misses you.
The bat closely misses you.
You hit the bat but do no damage. The bat barely misses you.
The bat closely misses you.
You hit the bat.
You kill the bat!
Trog accepts your kill.
You have reached level 2!
Your demonic ancestry asserts itself...
Your fingernails lengthen.
You now have 10 gold pieces (gained 6).
You see here a bat corpse.
d - a scroll labelled YLUGEELEOXT Are you sure you want to abandon this character and quit the game? (Confirm with "yes".)

## .. #. ######. #
.......## ## .#
##.###@###.###.#
#...............##
#..##.###.###.##..#
#.#...........#.#
#...##.###.##...#
##.#.#.......#.# #
#..#...##.##...#
##.#.#.#...#.#.#
#...#...#...#...


There were no monsters in sight!

Vanquished Creatures
  A dart slug (D:1)
  3 bats (D:1)
  A quokka (D:1)
  A ball python (D:1)
6 creatures vanquished.

Notes
Turn   | Place    | Note
-------+----------+-------------------------------------------
     0 | D:1      | sammy202020 the Demonspawn Berserker began the quest for
                  | the Orb.
     0 | D:1      | Reached XP level 1. HP: 18/18 MP: 1/1
   424 | D:1      | Gained mutation: You have sharp fingernails. [demonic
                  | ancestry]
   424 | D:1      | Reached XP level 2. HP: 20/24 MP: 2/2
   488 | D:1      | Quit the game

Illustrated notes

Levels and vault maps discovered:
D:1:      pf_arrival_petrified_forest, layout_loops_ring, serial_bayou_pond_a,
          nicolae_concentric_dashed_squares_mild, chequers_serial_rivers_micro_e

Action                   || total
-------------------------++-------
Melee: Hand axe          ||    23
Invok: Berserk           ||     1
Armor: Animal skin       ||    14
Dodge: Dodged            ||    34

Table legend: (Time is in decaauts)
 A = Elapsed time spent in this place.
 B = Non-inter-level travel time spent in this place.
 C = Inter-level travel time spent in this place.
 D = Time resting spent in this place.
 E = Time spent auto-exploring this place.
 F = Levels seen in this place.
 G = Mean time per level.
                   A        B        C        D        E       F      G
               +--------+--------+--------+--------+--------+-----+--------+
         Total |    501 |    501 |      0 |      1 |    444 |   1 |  501.0 |
       Dungeon |    501 |    501 |      0 |      1 |    444 |   1 |  501.0 |
               +--------+--------+--------+--------+--------+-----+--------+

Top non-repeatable levels by time:
     D:1: 501 daAuts
